 Dungeon Crawl Stone Soup version 0.31-a0-955-gcb8bc90ed4 (webtiles) character file.

Game seed: 8715721681918476187

204 BinkBink the Ruffian (level 5, -2/53 HPs)
             Began as a Troll Berserker on Oct 22, 2023.
             Was a Believer of Trog.
             Splashed by a jelly's acid (7 damage)
             ... on level 4 of the Dungeon.
             The game lasted 00:02:17 (1925 turns).

BinkBink the Ruffian (Troll Berserker)              Turns: 1925, Time: 00:02:19

Health: -2/53      AC: -4    Str: 25    XL:     5   Next: 52%
Magic:  4/4        EV: 10    Int:  3    God:    Trog [**....]
Gold:   146        SH:  0    Dex: 11    Spells: 4/4 levels left

rFire   . .          .
                       - Unarmed
rCold   . . .        (no shield)
rNeg    . . .        a - +0 animal skin
rPois   .            (helmet restricted)
rElec   .            (no cloak)
rCorr   .            (gloves unavailable)
SInv    .            (boots unavailable)
Will    .....        (no amulet)
Stlth   +            (no ring)
HPRegen 1.08/turn    (no ring)
MPRegen 0.09/turn

%: no passive effects
@: corroded
A: large, unfitting armour, claws 3, regeneration 1, shaggy fur 1, tough skin 1
a: Renounce Religion, Berserk, Trog's Hand


You were on level 4 of the Dungeon.
You worshipped Trog.
Trog was pleased with you.
You visited 1 branch of the dungeon, and saw 4 of its levels.

You collected 146 gold pieces.

Inventory:

Missiles
 h - 2 throwing nets
Armour
 a - a +0 animal skin (worn)
Jewellery
 j - a ring of ice
Scrolls
 d - a scroll of noise {unknown}
 e - a scroll of revelation {unknown}
 f - a scroll of teleportation {unknown}
 g - a scroll of identify {unknown}
 i - a scroll of immolation {unknown}
 k - a scroll of enchant weapon {unknown}
Potions
 b - a potion of enlightenment {unknown}
 c - a potion of attraction {unknown}


   Skills:
 + Level 3.6 Fighting
 + Level 3.5 Dodging
 + Level 4.3 Unarmed Combat


You had 4 spell levels left.
You didn't know any spells.
Your spell library was empty.

Dungeon Overview and Level Annotations

Branches:
Dungeon (4/15)
 Temple: D:4-7

Altars:

Annotations:
D:4 1 transporter


Innate Abilities, Weirdness & Mutations

You are too large for most types of armour.
You have claws for hands.
Your natural rate of healing is unusually fast.
You are covered in fur. (AC +1)
You have tough skin. (AC +1)


Message History

You claw the adder!
You kill the adder!
Trog accepts your kill.
No target in view!
No target in view!
HP restored.
A jelly comes into view.
A jelly is nearby!
A jelly is nearby!
An adder comes into view.
The jelly quivers.
The adder hisses angrily.
A kobold comes into view. It is wielding a +0 short sword.
The jelly hits you.
You are splashed with acid!
You scratch the jelly.
Your claws burn!
The jelly is lightly wounded.
The jelly hits you but does no damage.
You scratch the jelly. The acid corrodes you!
Your claws burn!
The jelly is lightly wounded.
The jelly hits you. The acid corrodes you!
You are splashed with acid!
You are too injured to fight recklessly!
You are too injured to fight recklessly!
You are too injured to fight recklessly!
You barely miss the jelly.
The jelly is lightly wounded.
The jelly closely misses you.
You scratch the jelly.
Your claws burn!
The jelly is moderately wounded.
The jelly misses you.
You scratch the jelly.
Your claws burn!
The jelly is heavily wounded.
The jelly hits you.
You are splashed with acid!
* * * LOW HITPOINT WARNING * * *
You scratch the jelly.
Your claws burn!
* * * LOW HITPOINT WARNING * * *
The jelly is heavily wounded.
The jelly hits you.
* * * LOW HITPOINT WARNING * * *
You are splashed with acid!
You die...

####.######## ##
###.....#..##.##.###..
#.....................
#.......##......##...
####..#..###....#....
#....###..#.........#
#.... ...............
#.... ..##...........
##... ##..@.......
#... #.##J#..... ##..
#... K##..#. ### ##.
.. ..# #. ... ## ....
#....# #..... #####
.... #.#.##


You could see a jelly and a kobold.

Vanquished Creatures
  An ogre (D:3)
  A hound (D:3)
  A gnoll (D:4)
  3 adders
  A worm (D:3)
  4 dart slugs
  4 endoplasms
  2 giant cockroaches
  3 goblins
  7 hobgoblins (D:1)
  3 quokkas
  4 ball pythons
  2 bats (D:2)
  5 frilled lizards
  4 kobolds
  2 rats
47 creatures vanquished.

Notes
Turn   | Place    | Note
-------+----------+-------------------------------------------
     0 | D:1      | BinkBink the Troll Berserker began the quest for the Orb.
     0 | D:1      | Reached XP level 1. HP: 22/22 MP: 0/0
   208 | D:1      | Reached XP level 2. HP: 29/29 MP: 1/1
   749 | D:2      | Reached ** piety under Trog
   759 | D:2      | Reached XP level 3. HP: 32/36 MP: 2/2
  1400 | D:3      | Reached XP level 4. HP: 45/45 MP: 3/3
  1597 | D:3      | Noticed an ogre
  1607 | D:3      | Killed an ogre
  1608 | D:3      | Reached skill level 4 in Unarmed Combat
  1608 | D:3      | Reached XP level 5. HP: 47/53 MP: 4/4
  1816 | D:4      | Found a transporter.
  1925 | D:4      | Splashed by a jelly's acid

Illustrated notes

Levels and vault maps discovered:
D:1:      dpeg_arrival_more_subterranean_lakeside_camping, layout_basic
D:2:      layout_rooms
D:3:      layout_basic
D:4:      gammafunk_steamed_eel, layout_cave_pools, minmay_temple_entry_wispy

Skill      XL: |  1  2  3  4 |
---------------+-------------+-----
Fighting       | 3 |  3.6
Dodging        | 3 |  3.5
Unarmed Combat | 4 |  4.3

Action                     |  1- 3 |  4- 6 || total
---------------------------+-------+-------++-------
  Melee: Unarmed           |    86 |    36 ||   122
         Punch             |       |     1 ||     1
 Invoke: Berserk           |       |     1 ||     1
 Armour: Animal skin       |    44 |    32 ||    76
  Dodge: Dodged            |    30 |    14 ||    44

Table legend: (Time is in decaauts)
 A = Elapsed time spent in this place.
 B = Non-inter-level travel time spent in this place.
 C = Inter-level travel time spent in this place.
 D = Time resting spent in this place.
 E = Time spent auto-exploring this place.
 F = Levels seen in this place.
 G = Mean time per level.
                   A        B        C        D        E       F      G
               +--------+--------+--------+--------+--------+-----+--------+
         Total |   1922 |   1846 |     76 |     70 |   1453 |   4 |  480.5 |
       Dungeon |   1922 |   1846 |     76 |     70 |   1453 |   4 |  480.5 |
               +--------+--------+--------+--------+--------+-----+--------+

Top non-repeatable levels by time:
     D:3: 750 daAuts
     D:1: 695 daAuts
     D:2: 428 daAuts
     D:4: 48 daAuts
